Unix NetHack Version 5.0.0-0 post-release - last build Jul 19 2026 19:10:59 (3aa4ab31751d3886436d94b585a96704892fd477,branch:main).

Game began 2026-07-31 01:56:21, ended 2026-07-31 02:21:02.

HumaRuntu, neutral female human Cavewoman

                                             -  | |...           ---
                                            -............     ..--.--
                                                  ###.....    .)..).--
                                                    -..G..    ..d@...|
                                                   |......      h:...|
                                                    ...          ....|
                                                                  ..--
                                                                  ..<-
                                                                  ....

HumaRuntu the Aborigine  St:17 Dx:15 Co:17 In:7 Wi:9 Ch:10  Neutral
Dlvl:4  $:43 HP:0(26) Pw:11(11) AC:4  Xp:3 T:1062  Satiated

Latest messages:
 You see here a gnome corpse.
 You hear a G sharp squeak in the distance.
 There is a gnome corpse here; eat it? [ynq] (n) y
 This gnome corpse tastes okay.
 Slasher picks up a dart.
 Slasher drops a dart.
 You hear a G sharp squeak in the distance.
 Slasher picks up a dart.
 You finish eating the gnome corpse.
 The dwarf swings his broad pick.
 The dwarf misses!
 You miss the dwarf.
 The dwarf swings his broad pick.
 The dwarf hits!
 You swap places with Slasher.
 Slasher misses it.
 You hear some noises.
 You miss the gnome.
 You kill the gnome!
 Welcome to experience level 3.
 You see here a food ration.
 There is a food ration here; eat it? [ynq] (n) y
 You're having a hard time getting all of it down.
 You're finally finished.
 Slasher drops a dart.
 Slasher misses the dwarf.
 Slasher misses the dwarf.
 You miss the dwarf.
 Slasher misses the dwarf.
 The dwarf swings his broad pick.
 The dwarf misses!
 Slasher misses the dwarf.
 You hit the dwarf!
 Slasher misses the dwarf.
 You miss the dwarf.
 Slasher misses the dwarf.
 The dwarf reads a scroll labeled PRIRUTSENIE!
 Call a scroll labeled PRIRUTSENIE: 
 Slasher misses the dwarf.
 You miss the dwarf.
 Slasher misses the dwarf.
 The dwarf swings his broad pick.
 The dwarf misses!
 You miss the dwarf.
 Slasher misses the dwarf.
 The dwarf swings his broad pick.
 The dwarf hits!
 You die...
 Do you want your possessions identified? [ynq] (y) y
 Do you want to see your attributes? [ynq] (y) q

Inventory:
 Coins    ('$')
  $ - 43 gold pieces
 Amulets  ('"')
  n - an uncursed amulet of guarding (being worn)
 Weapons  (')')
  b - a +2 sling (alternate weapon; not wielded)
  a - a +1 club (weapon in left hand)
 Armor    ('[')
  f - an uncursed +0 orcish helm (being worn)
  h - a cursed -3 pair of leather gloves
  r - an uncursed +0 oilskin cloak (being worn)
  e - an uncursed +0 leather armor (being worn)
 Comestibles  ('%')
  l - a cursed carrot
  o - a cursed food ration
  m - a cursed tripe ration
  g - an uncursed lichen corpse
 Scrolls  ('?')
  j - an uncursed scroll of confuse monster
 Potions  ('!')
  k - a cursed potion of healing
  i - an uncursed potion of see invisible
  s - an uncursed potion of sickness
 Wands    ('/')
  q - a wand of create monster (0:13)
 Gems/Stones  ('*')
  c - 10 uncursed flint stones (in quiver pouch)
  d - 23 uncursed rocks

HumaRuntu the Cavewoman's attributes:

Background:
 You were an Aborigine, a level 3 human Cavewoman.
 You were neutral, nominally on a mission for Ishtar
 who was opposed by Anu (lawful) and Anshar (chaotic).
 You were left-handed.
 You were in the Gnomish Mines, on level 4.
 You entered the dungeon 1062 turns ago.
 It was nighttime.
 There was a full moon in effect when your adventure ended.
 You had 46 experience points, 34 more were needed to attain level 4.

Basics:
 You had 0 out of 26 hit points.
 You had all 11 energy points (spell power).
 Your armor class was 4.
 Your wallet contained 43 zorkmids.
 Autopickup was on for '$?!/="+' plus thrown.

Final Characteristics:
 Your strength was 17 (limit:18/100).
 Your dexterity was 15 (limit:18).
 Your constitution was 17 (limit:18).
 Your intelligence was 7 (limit:18).
 Your wisdom was 9 (limit:18).
 Your charisma was 10 (limit:18).

Final Status:
 You were satiated.
 You were unencumbered.
 You were wielding a club.
 You had basic skill with club.

Final Attributes:
 You were fervently aligned.
 You had a small defense bonus (+2).
 You were protected.
 You were lucky.
 You are dead.

Miscellaneous:
 You didn't encounter any bones levels.
 Total elapsed playing time was 24 minutes and 40 seconds.

Major events:
 Turn
    1: HumaRuntu the neutral human Cavewoman entered the dungeon
 1000: entered the Gnomish Mines
 1049: attained the rank of Aborigine (level 3)
 1062: killed by a dwarf

You didn't know any spells.

Skills:
 Fighting Skills
   bare handed combat [Basic]
 Weapon Skills
   dagger             [Unskilled]
   knife              [Unskilled]
   axe                [Unskilled]
   pick-axe           [Unskilled]
   club               [Basic]
   mace               [Unskilled]
   morning star       [Unskilled]
   flail              [Unskilled]
   hammer             [Unskilled]
   quarterstaff       [Unskilled]
   polearms           [Unskilled]
   spear              [Unskilled]
   trident            [Unskilled]
   bow                [Unskilled]
   sling              [Basic]
   boomerang          [Unskilled]
   unicorn horn       [Unskilled]
 Spellcasting Skills
   attack spells      [Unskilled]
   matter spells      [Unskilled]

Voluntary challenges:
 Character rerolling was not enabled.
 You were an atheist.
 You were illiterate.
 You never genocided any monsters.
 You never polymorphed an object.
 You never changed form.
 You used no wishes.
Achievements:
 You entered a shop.
 You entered the Gnomish Mines.
 You attained the rank of Aborigine.

 The Dungeons of Doom: levels 1 to 3
    Level 1:
       Some fountains.
    Level 2:
       A general store.
    Level 3:
       Stairs down to The Gnomish Mines.
 The Gnomish Mines:
    Level 4: <- You were here.
       Final resting place for
          you, killed by a dwarf.


Vanquished creatures:
  a gnome leader
  a coyote
  2 gnomes
  a gecko
  4 jackals
  a goblin
  a grid bug
  2 lichens
  3 newts
16 creatures vanquished.

No species were genocided or became extinct.

Game over:
                       ----------
                      /          \
                     /    REST    \
                    /      IN      \
                   /     PEACE      \
                  /                  \
                  |    HumaRuntu     |
                  |      43 Au       |
                  |   killed by a    |
                  |      dwarf       |
                  |                  |
                  |                  |
                  |       2026       |
                 *|     *  *  *      | *
        _________)/\\_//(\/(/\)/\//\/|_)_______

Goodbye HumaRuntu the Cavewoman...

You died in The Gnomish Mines on dungeon level 4 with 373 points,
and 43 pieces of gold, after 1062 moves.
You were level 3 with a maximum of 26 hit points when you died.

